 Dungeon Crawl Stone Soup version 0.16-a0-2710-g8b41a68 (webtiles) character file.

196080 Crauler the Black Belt (level 17, 0/133 HPs)
             Began as a Demonspawn Monk on Nov 24, 2014.
             Was the Champion of Ru.
             Slain by a swamp dragon (8 damage)
             ... on level 5 of the Swamp on Nov 26, 2014.
             The game lasted 05:00:14 (51032 turns).

Crauler the Black Belt (Demonspawn Monk)           Turns: 51032, Time: 05:00:14

Health: 0/133      AC:  8    Str: 15    XL:     17   Next: 73%
Magic:  0/33       EV: 20    Int:  9    God:    Ru [******]
Gold:   2456       SH: 20    Dex: 22    Spells: 7 memorised, 7 levels left

rFire  + . .     SeeInvis .       - Unarmed
rCold  . . .     Clarity  .     x - +1 robe {MR+}
rNeg   . . .     SustAb   .     m - +3 shield
rPois  +         Gourm    +     B - +1 helmet
rElec  .         Spirit   +     H - +0 cloak
rCorr  .         Warding  .     O - +0 pair of gloves
rMut   .         Stasis   .     (boots unavailable)
MR     ++...                    s - amulet of the gourmand
Stlth  ..........               A - ring of protection from fire
                                i - ring of poison resistance

@: exhausted, about to teleport, no potions, no scrolls, very slightly
contaminated, repel missiles, drained, very resistant to hostile enchantments,
extremely unstealthy
A: talons 3, large bone plates 3, agile 1, blink 1, demonic guardian 1, dopey 1,
mutation resistance 1, screaming 1, wild magic 1, magic shield, magic
regeneration, forlorn, inability to drink while threatened, inability to read
while threatened, no stealth, inability to train armour, no ice magic, no
necromancy magic, no translocations magic, vulnerability to harm 1, MP-powered
wands 1
a: Blink, Draw Out Power, Power Leap, Apocalypse, Renounce Religion
}: 1/15 runes: serpentine


You were on level 5 of the Swamp.
You worshipped Ru.
Ru was exalted by your worship.
You were very full.

You visited 6 branches of the dungeon, and saw 35 of its levels.
You also visited: Labyrinth and Ice Cave.

You collected 3817 gold pieces.
You spent 1361 gold pieces at shops.

Inventory:

Missiles
 t - 128 poisoned needles
 M - 15 curare-tipped needles
Armour
 m - a +3 shield (worn)
 x - a +1 robe of magic resistance (worn)
 B - a +1 helmet (worn)
 H - a +0 cloak (worn)
 O - a +0 pair of gloves (worn)
Jewellery
 i - a ring of poison resistance (left hand)
 s - an amulet of the gourmand (around neck)
 A - a ring of protection from fire (right hand)
 U - a +3 ring of slaying
Magical devices
 c - a wand of flame (17)
 j - a wand of fire (3)
 p - a wand of frost (22)
 v - a wand of teleportation (1)
 y - a wand of draining (2)
 C - a wand of lightning (2)
 F - a wand of fireball (2)
 L - a wand of paralysis (11)
 N - a wand of cold (6)
 W - a wand of disintegration (13)
 X - a wand of confusion (22)
 Z - a wand of draining (6)
Scrolls
 d - 5 scrolls of blinking
 e - 11 scrolls of identify
 g - a scroll of summoning
 k - 5 scrolls of remove curse
 n - 5 scrolls of enchant armour
 o - 5 scrolls of fear
 u - a scroll of recharging
 w - 10 scrolls of teleportation
 z - 9 scrolls of fog
 P - 4 scrolls of magic mapping
 S - a scroll of silence
 Y - a scroll of enchant weapon
Potions
 a - 8 potions of restore abilities
 f - 6 potions of agility
 h - 4 potions of curing
 E - 3 potions of brilliance
 G - a potion of cancellation
 J - 2 potions of lignification
 K - 2 potions of berserk rage
 Q - a potion of heal wounds
 R - a potion of haste
 V - 3 potions of magic
Books
 r - a book of the Dragon

   Spells                             Type                      Level
   *Flight                            Charms/Air                   3
   Cause Fear                         Hexes                        4
   Bolt of Fire                       Conjuration/Fire             6
   *Dragon Form                       Transmutation                7
   Dragon's Call                      Summoning                    9
Comestibles
 b - 19 bread rations
 l - 14 fruits
 q - 12 meat rations
 D - 5 slices of pizza
 I - 6 beef jerkies
 T - 6 royal jellies


   Skills:
 + Level 12.2(11.3) Fighting
 + Level 10.2(9.3) Dodging
 - Level 12.0(11.0) Shields
 * Level 15.5(14.5) Unarmed Combat
 - Level 9.3(8.4) Spellcasting
 - Level 3.1(2.4) Charms
 - Level 15.0(14.0) Transmutations
 - Level 3.0(2.3) Air Magic
 - Level 9.0(8.1) Evocations


You had 7 spell levels left.
You knew the following spells:

 Your Spells              Type           Power        Failure   Level  Hunger
a - Hydra Form            Trmt           #####.....   19%         6    #######
b - Summon Butterflies    Summ           #.......     30%         1    None
c - Statue Form           Trmt/Erth      ###......    99%         6    #######
d - Repel Missiles        Chrm/Air       ##....       22%         2    ##.....
e - Swiftness             Chrm/Air       ##......     22%         2    ##.....
f - Flight                Chrm/Air       ##........   38%         3    ###....
g - Dragon Form           Trmt           #####.....   65%         7    #######


Dungeon Overview and Level Annotations

Branches:
Dungeon (12/15)            Temple (1/1) D:7            Lair (8/8) D:11
  Swamp (5/5) Lair:4        Snake (5/5) Lair:6        Slime (0/6) Lair:8
    Orc (4/4) D:12            Elf (0/3) Orc:3

Altars:
Ashenzari
Cheibriados
Dithmenos
Elyvilon
Fedhas
Gozag
Kikubaaqudgha
Makhleb
Nemelex Xobeh
Okawaru
Qazlal
Ru
Sif Muna
Trog
Vehumet
Xom
Yredelemnul
Zin
The Shining One
Beogh
Jiyva

Shops:
D:4 (   D:8 [   Orc:2 }   Orc:4 *(:[   Snake:4 }

Portals:
Hell: Lair:8

Annotations:
D:12 runed door


Innate Abilities, Weirdness & Mutations

You have claws for feet.
You are completely covered in large bone plates (AC +4, SH +4).
A weak demonic guardian rushes to your aid.
You occasionally shout uncontrollably at your foes.
When hurt, damage is shared between your health and your magic reserves.
You regenerate magic rapidly.
You cannot drink potions while threatened.
You cannot read scrolls while threatened.
You cannot be stealthy.
You cannot train your Armour skill.
You cannot study or cast Ice magic.
You cannot study or cast Necromancy magic.
You cannot study or cast Translocations magic.
You take slightly more damage. (-3 AC)
You are agile. (Dex +2)
You can translocate small distances at will.
You are dopey. (Int -2)
You are somewhat resistant to further mutation.
Your spells are a little harder to cast, but a little more powerful.
You have difficulty communicating with the divine.
You expend magic power (6 MP) to slightly strengthen your wands.


Message History

You block the fire dragon's attack. The fire dragon tramples you!
You feel threatened and lose the ability to read scrolls!
* * * LOW HITPOINT WARNING * * *
You hold your ground!
The fire dragon is slowed in retribution by your will!
Your crimson imp hits the fire dragon but does no damage.
The swamp dragon breathes poison at you.
The blast of poison misses you.
Unknown command.
Evoke which item? (* to show all) (? for menu, Esc to quit)
Okay, then.
You cannot drink potions in your current state!
Use which ability? (? or * to list) You're too exhausted to draw out your power.
You hit the swamp dragon.
You claw the swamp dragon, but do no damage.
The swamp dragon is almost dead.
You block the swamp dragon's attack. The swamp dragon claws you!
You feel threatened and lose the ability to drink potions!
You die...

..≈♣♣≈♣♣.†≈≈≈.♣≈♣
≈≈≈♣≈.♣♣.≈≈≈≈≈.≈♣
≈§....♣♣≈≈≈≈≈≈≈♣♣
♣♣♣♣♣♣♣♣.≈≈♣≈≈♣♣ .♣♣
♣.≈♣..≈♣≈≈♣
≈≈♣♣..§≈≈.♣♣..♣♣
≈≈≈..§≈§≈≈♣♣≈♣§♣♣
≈..≈≈≈≈≈§≈≈♣♣.5D♣♣
♣.......≈≈..≈.§D@♣
..≈≈.≈≈≈≈≈≈.♣♣DD♣♣
≈≈≈≈≈≈≈≈≈≈≈.♣..§♣
≈.♣≈≈≈≈≈≈....≈.≈§..k≈.≈≈
≈≈♣.≈≈...≈.§≈.≈≈§≈..≈.≈
♣≈♣≈≈.≈.≈≈$.♣....≈.≈.♣♣
♣♣≈....≈≈≈♣♣♣♣.≈≈..≈♣≈§
.≈≈≈≈≈ .≈≈.≈.... ≈≈≈
♣[♣≈..≈♣


You could see a fire dragon (blind), 3 swamp dragons and a friendly crimson imp.

Vanquished Creatures
  Saint Roka (Orc:4)
  Donald (Snake:2)
  5 greater nagas
  Aizul (Snake:2)
  The ghost of smajdalf the Cruncher, a powerful DgEE (Lair:8)
  A dire elephant (Lair:8)
  A white draconian (IceCv)
  Snorg (Orc:4)
  A minotaur (Lab)
  Harold (D:10)
  10 hydras
  20 naga warriors
  An alligator (Swamp:3)
  2 ghost crabs
  A death yak (IceCv)
  12 anacondas
  2 shock serpents
  An orc high priest (Orc:4)
  8 spriggans
  19 naga sharpshooters
  A spriggan druid (Swamp:3)
  A wizard (Lair:8)
  4 swamp dragons
  7 naga ritualists
  A shambling mangrove (Swamp:2)
  A lindwurm (Swamp:5)
  An ice statue (Lair:5)
  A salamander mystic (Snake:3)
  4 hill giants
  3 orc knights
  2 cyclopes
  12 mana vipers
  2 unseen horrors
  8 salamanders
  A wolf spider (Lair:6)
  A red wasp (Swamp:3)
  An ugly thing (D:12)
  The ghost of Ololoev the Cleaver, an experienced VSBe of Trog (D:11)
  A sixfirhy (Lair:8)
  3 griffons
  3 orc sorcerers
  A manticore (D:11)
  38 black mambas
  7 elephants
  24 naga magi
  5 guardian serpents
  A rust devil (Snake:4)
  Psyche (D:8)
  21 spiny frogs
  A centaur skeleton (D:12)
  An orange demon (Lair:8)
  A gargoyle (D:12)
  A hellwing (Lair:8)
  4 komodo dragons
  5 blue devils
  6 fire drakes
  4 red devils (Lair:8)
  4 giant leeches
  Sonja (Orc:3)
  20 polar bears
  Prince Ribbit (D:8)
  8 bog bodies
  A trapdoor spider zombie (D:12)
  A troll (D:12)
  A boulder beetle (Lair:8)
  19 slime creatures
  A basilisk (Lair:2)
  4 ravens
  2 trapdoor spiders (Lab)
  A wraith (D:12)
  10 blink frogs
  5 wyverns
  79 yaks
  2 shadows
  A deep elf mage (D:10)
  Grum (D:10)
  A hungry ghost (Lab)
  12 vampire mosquitoes
  84 nagas
  A steam dragon (D:12)
  5 hippogriffs
  4 wargs
  33 wolves
  17 swamp worms
  A hell hound (Lair:8)
  36 water moccasins
  34 orc warriors
  4 sky beasts
  10 ice beasts
  7 swamp drakes
  11 porcupines
  2 eyes of draining
  A centaur (D:7)
  3 phantoms
  2 black bears
  8 yellow wasps
  12 ogres
  3 big kobolds
  Duvessa (D:5)
  18 crocodiles
  17 giant frogs
  Blork the orc (D:6)
  A water moccasin zombie (D:9)
  14 insubstantial wisps
  5 scorpions
  6 jellies
  2 spriggan skeletons (D:12)
  A troll skeleton (D:12)
  3 crimson imps
  A goliath beetle (D:7)
  13 killer bees
  8 wights
  Dowan (D:5)
  2 centaur zombies
  3 giant frog zombies
  2 giant frog skeletons
  20 hounds
  28 orc priests
  25 orc wizards
  12 worker ants
  An orange rat (D:11)
  4 iguanas
  5 sheep (Lair:8)
  Ijyb (D:7)
  A hound zombie (D:5)
  Terence (D:3)
  3 hound skeletons
  2 mummies
  A worker ant zombie (D:10)
  31 adders
  86 river rats
  3 giant mites
  A shadow imp (D:12)
  14 white imps
  3 worms (D:2)
  An adder skeleton (D:5)
  An ooze (D:3)
  150 orcs
  24 bats
  A bat skeleton (D:5)
  13 giant cockroaches
  24 hobgoblins
  8 jackals
  34 kobolds
  16 quokkas
  A ball python (D:3)
  5 giant geckos
  2 giant gecko skeletons (D:7)
  A giant gecko zombie (D:5)
  2 giant newts
  2 giant spores
  26 goblins
  A goblin zombie (Orc:3)
  A jackal zombie (D:7)
  3 orc zombies (Orc:3)
  A quokka skeleton (D:4)
  3 quokka zombies
  18 rats
  19 ballistomycetes
  5 plants
1426 creatures vanquished.

Vanquished Creatures (collateral kills)
  A hill giant (D:11)
  An oklob plant (Lair:5)
  Maurice (D:8)
  A black mamba (Lair:5)
  A smoke demon (Lair:8)
  A spiny frog (Lair:1)
  A fire drake (Swamp:5)
  A blink frog (Lair:4)
  A slime creature (Swamp:4)
  A raven (Swamp:1)
  A wraith (D:11)
  6 yaks
  2 nagas (Snake:5)
  An ogre (D:5)
  A black bear (D:6)
  An insubstantial wisp (Swamp:1)
  A crimson imp (D:6)
  A centaur zombie (D:5)
  A hound (D:5)
  A jelly (D:6)
  An orc priest (D:5)
  A worker ant (D:5)
  A gnoll (D:5)
  A river rat (Lair:3)
  An adder (D:5)
  A giant mite (D:5)
  An ufetubus (Swamp:3)
  A giant gecko (D:5)
  3 orcs
  A goblin (Orc:3)
  A kobold (D:7)
  3 jackals
  A quokka (D:5)
  A rat (D:5)
  A ballistomycete (D:11)
45 creatures vanquished.

Vanquished Creatures (others)
  A greater naga (Snake:5)
  A hydra (Swamp:5)
  A mana viper (Snake:2)
  2 black mambas
  A naga mage (Snake:2)
  A komodo dragon (Lair:8)
  4 polar bears (IceCv)
  A blink frog (Lair:5)
  2 yaks
  A hippogriff (D:8)
  7 wolves
  3 nagas
  A swamp drake (Swamp:5)
  A centaur (D:10)
  A crocodile (Lair:8)
  55 crimson imps
  57 quasits
  A jelly (D:9)
  58 iron imps
  53 white imps
  50 ufetubi
  2 orcs
  2 giant spores
  A goblin (Orc:4)
  6 fungi
  2 plants
315 creatures vanquished.

Grand Total: 1786 creatures vanquished

Notes
Turn   | Place    | Note
--------------------------------------------------------------
     0 | D:1      | Crauler, the Demonspawn Monk, began the quest for the Orb.
     0 | D:1      | Reached XP level 1. HP: 18/18 MP: 1/1
   234 | D:1      | Gained mutation: You are partially covered in large bone plates (AC +2, SH +2). [demonic ancestry]
   234 | D:1      | Reached XP level 2. HP: 21/24 MP: 2/2
   713 | D:2      | Reached skill level 4 in Unarmed Combat
   713 | D:2      | Reached XP level 3. HP: 29/29 MP: 3/3
   743 | D:2      | Found a white marble altar of Elyvilon.
  1190 | D:2      | Found a deep blue altar of Sif Muna.
  1204 | D:2      | Found a basalt altar of Yredelemnul.
  1207 | D:2      | Found a sparkling altar of Nemelex Xobeh.
  1210 | D:2      | Found a stormy altar of Qazlal.
  1567 | D:2      | Gained mutation: A weak demonic guardian rushes to your aid. [demonic ancestry]
  1567 | D:2      | Reached XP level 4. HP: 27/35 MP: 4/4
  1986 | D:2      | Found a shadowy altar of Dithmenos.
  3006 | D:3      | Noticed Terence
  3023 | D:3      | Killed Terence
  3023 | D:3      | Reached XP level 5. HP: 40/42 MP: 5/5
  3483 | D:4      | Found Pycoe's Antique Weapon Boutique.
  3511 | D:4      | Noticed an ogre
  3521 | D:4      | Killed an ogre
  3521 | D:4      | Reached skill level 5 in Unarmed Combat
  3857 | D:4      | Reached XP level 6. HP: 42/48 MP: 6/6
  4085 | D:5      | Entered Level 5 of the Dungeon
  4631 | D:5      | Reached skill level 5 in Dodging
  4746 | D:5      | Noticed Duvessa
  4747 | D:5      | Noticed Dowan
  4764 | D:5      | Killed Duvessa
  4776 | D:5      | Killed Dowan
  4776 | D:5      | Reached skill level 1 in Shields
  4776 | D:5      | Gained mutation: You have sharp toenails. [demonic ancestry]
  4776 | D:5      | Reached XP level 7. HP: 41/54 MP: 7/7
  5083 | D:5      | Reached skill level 6 in Unarmed Combat
  5209 | D:5      | Gained mutation: You are agile. (Dex +2) [mutagenic meat]
  5210 | D:5      | Gained mutation: You expend magic power (6 MP) to slightly strengthen your wands. [mutagenic meat]
  5606 | D:5      | Reached skill level 7 in Unarmed Combat
  5638 | D:5      | Reached XP level 8. HP: 58/60 MP: 8/8
  5841 | D:5      | Found a glowing silver altar of Zin.
  5849 | D:5      | Got a crystal broad axe
  5854 | D:5      | Identified the +9 broad axe "Muagoass" {drain, rPois rF++ Dex+2} (You found it on level 5 of the Dungeon)
  5858 | D:5      | Found an opulent altar of Gozag.
  5858 | D:5      | Found a sacrificial altar of Ru.
  5880 | D:5      | Found a radiant altar of Vehumet.
  5929 | D:5      | Found a shattered altar of Ashenzari.
  5964 | D:5      | Became a worshipper of Ru the Awakened
  5986 | D:5      | Gained mutation: You cannot train your Armour skill. [Ru sacrifice]
  5986 | D:5      | Acquired Ru's first power
  6187 | D:6      | Noticed Blork the orc
  6473 | D:6      | Killed Blork the orc
  6565 | D:6      | Reached skill level 8 in Unarmed Combat
  6681 | D:6      | Reached skill level 5 in Fighting
  6977 | D:6      | Gained mutation: You are dopey. (Int -2) [mutagenic meat]
  6978 | D:6      | Gained mutation: You are frail (-10% HP). [mutagenic meat]
  6979 | D:6      | Lost mutation: You are frail (-10% HP). [mutagenic meat]
  7053 | D:6      | Gained mutation: When hurt, damage is shared between your health and your magic reserves. [demonic ancestry]
  7053 | D:6      | Reached XP level 9. HP: 59/68 MP: 9/9
  7055 | D:6      | Paralysed by an orc for 7 turns
  7065 | D:6      | Paralysed by an orc for 5 turns
  7987 | D:7      | Found a staircase to the Ecumenical Temple.
  8027 | D:7      | Reached skill level 5 in Shields
  8028 | D:7      | Reached skill level 9 in Unarmed Combat
  8341 | Temple   | Entered the Ecumenical Temple
  8389 | D:7      | Noticed Ijyb
  8400 | D:7      | Killed Ijyb
  8471 | D:7      | Found an iron altar of Okawaru.
  8550 | D:7      | Gained mutation: You cannot be stealthy. [Ru sacrifice]
  8550 | D:7      | Acquired Ru's second power
  9163 | D:8      | Noticed Prince Ribbit
  9213 | D:8      | Found Irunkuel's Antique Armour Shop.
  9216 | D:8      | Killed Prince Ribbit
  9222 | D:8      | Bought an ichor-stained robe for 125 gold pieces
  9233 | D:8      | Identified the +0 robe of Psaosa {Str+2 Dex+3} (You bought it in a shop on level 8 of the Dungeon)
  9237 | D:8      | Noticed Psyche
  9271 | D:8      | Killed Psyche
  9271 | D:8      | Reached skill level 10 in Unarmed Combat
  9271 | D:8      | Gained mutation: You have razor-sharp toenails. [demonic ancestry]
  9271 | D:8      | Reached XP level 10. HP: 62/77 MP: 10/10
  9514 | D:8      | Noticed Maurice
  9564 | D:8      | Killed Maurice
 10229 | D:9      | Gained mutation: You cannot drink potions while threatened. [Ru sacrifice]
 10229 | D:9      | Acquired Ru's third power
 10646 | D:9      | You fall through a shaft for 3 floors!
 10664 | D:11     | Noticed a hill giant
 10680 | D:11     | Killed a hill giant
 10740 | D:11     | Reached skill level 11 in Unarmed Combat
 10763 | D:11     | Noticed a hill giant
 10775 | D:11     | Killed a hill giant
 10775 | D:11     | Reached skill level 1 in Evocations
 10827 | D:11     | Noticed a hill giant
 10859 | D:11     | Killed a hill giant
 10940 | D:11     | Found a staircase to the Lair.
 10955 | D:11     | Noticed a manticore
 10961 | D:11     | Killed a manticore
 10979 | D:11     | Noticed Ololoev's ghost (experienced VSBe)
 11116 | D:11     | Reached XP level 11. HP: 80/86 MP: 17/17
 11560 | D:11     | Killed Ololoev's ghost
 11659 | D:11     | Noticed a cyclops
 11688 | D:11     | Killed a cyclops
 11772 | D:10     | Entered Level 10 of the Dungeon
 11853 | D:10     | Noticed a hill giant
 11866 | D:10     | Killed a hill giant
 11880 | D:10     | Noticed Grum
 11891 | D:10     | Killed Grum
 12111 | D:10     | Noticed Harold
 12148 | D:10     | Killed Harold
 12329 | D:10     | Gained mutation: You cannot read scrolls while threatened. [Ru sacrifice]
 12329 | D:10     | Acquired Ru's fourth power
 13093 | D:12     | Noticed a cyclops
 13114 | D:12     | Killed a cyclops
 13114 | D:12     | Reached skill level 12 in Unarmed Combat
 13249 | D:12     | Found a staircase to the Orcish Mines.
 13373 | D:12     | Noticed a brown ugly thing
 13387 | D:12     | Killed a brown ugly thing
 13455 | D:12     | Noticed a hill giant
 13470 | D:12     | Killed a hill giant
 13502 | D:12     | Gained mutation: You regenerate magic rapidly. [demonic ancestry]
 13502 | D:12     | Reached XP level 12. HP: 92/92 MP: 19/19
 13713 | D:12     | Found a runed door.
 13887 | D:12     | Learned a level 6 spell: Hydra Form
 14187 | Lair:1   | Entered Level 1 of the Lair of Beasts
 14214 | Lair:1   | Found a labyrinth entrance.
 14241 | Lab      | Entered a labyrinth
 14710 | Lab      | Noticed a minotaur
 14718 | Lab      | Killed a minotaur
 15655 | Lair:1   | Upgraded the game from 0.16-a0-2669-g4c00d22 to 0.16-a0-2683-gc417ed5
 16700 | Lair:2   | Reached skill level 5 in Evocations
 17005 | Lair:3   | Gained mutation: You take slightly more damage. (-3 AC) [Ru sacrifice]
 17005 | Lair:3   | Acquired Ru's fifth power
 18043 | Lair:4   | Found a staircase to the Swamp.
 18082 | Lair:4   | Noticed a six-headed hydra
 18098 | Lair:4   | Killed a six-headed hydra
 18098 | Lair:4   | Reached skill level 13 in Unarmed Combat
 18579 | Lair:4   | Gained mutation: You are mostly covered in large bone plates (AC +3, SH +3). [demonic ancestry]
 18579 | Lair:4   | Reached XP level 13. HP: 88/102 MP: 18/22
 18854 | Lair:4   | Gained mutation: You cannot study or cast Translocations magic. [Ru sacrifice]
 18854 | Lair:4   | Gained mutation: You cannot study or cast Necromancy magic. [Ru sacrifice]
 18854 | Lair:4   | Gained mutation: You cannot study or cast Ice magic. [Ru sacrifice]
 19321 | Lair:5   | Reached skill level 10 in Fighting
 19371 | Lair:5   | Found a frozen archway.
 19454 | IceCv    | Entered an ice cave
 20265 | IceCv    | Noticed a white draconian
 20312 | IceCv    | Killed a white draconian
 20328 | IceCv    | Reached skill level 10 in Shields
 20659 | Lair:5   | Upgraded the game from 0.16-a0-2683-gc417ed5 to 0.16-a0-2702-gfff482a
 20839 | Lair:5   | Reached skill level 1 in Transmutations
 21510 | Lair:5   | Identified the Papyrus of the Nocuous Entourage
 21517 | Lair:5   | Got a heavily runed bronze ring
 21521 | Lair:5   | Learned a level 1 spell: Summon Butterflies
 21522 | Lair:5   | Identified the ring "Psiemp" {Str+2 Stlth-} (You found it on level 5 of the Lair of Beasts)
 23429 | Lair:6   | Reached XP level 14. HP: 109/113 MP: 24/24
 23553 | Lair:6   | Reached skill level 14 in Unarmed Combat
 24042 | Lair:6   | Found a staircase to the Snake Pit.
 25748 | Lair:8   | Entered Level 8 of the Lair of Beasts
 25833 | Lair:8   | Found a staircase to the Slime Pits.
 25833 | Lair:8   | Found a viscous altar of Jiyva.
 26348 | Lair:8   | Gained mutation: You occasionally shout uncontrollably at your foes. [Ru sacrifice]
 26355 | Lair:8   | Noticed smajdalf's ghost (powerful DgEE)
 26369 | Lair:8   | Killed smajdalf's ghost
 26749 | Lair:8   | Found a burning altar of Makhleb.
 27105 | Lair:8   | Found a gateway to Hell.
 27505 | Lair:8   | Reached skill level 15 in Unarmed Combat
 28242 | Lair:1   | Learned a level 6 spell: Statue Form
 28308 | D:12     | Killed an unseen horror
 28327 | Orc:1    | Entered Level 1 of the Orcish Mines
 28966 | Orc:3    | Noticed Sonja
 28996 | Orc:3    | Killed Sonja
 29152 | Orc:3    | Found a staircase to the Elven Halls.
 29392 | Orc:3    | Found a roughly hewn altar of Beogh.
 29528 | Orc:2    | Found Stosohus' Quality Used Wands.
 30171 | Orc:4    | Entered Level 4 of the Orcish Mines
 30256 | Orc:4    | Noticed Snorg
 30348 | Orc:4    | Killed Snorg
 30403 | Orc:4    | Gained mutation: You are completely covered in large bone plates (AC +4, SH +4). [demonic ancestry]
 30403 | Orc:4    | Reached XP level 15. HP: 120/120 MP: 25/25
 30608 | Orc:4    | Reached skill level 10 in Dodging
 30641 | Orc:4    | Noticed Saint Roka
 31209 | Orc:4    | Killed Saint Roka
 31343 | Orc:4    | Found a roughly hewn altar of Beogh.
 31395 | Orc:4    | Found Waerhusug's Antique Armour Boutique.
 31401 | Orc:4    | Bought an ancient robe for 153 gold pieces
 31401 | Orc:4    | Bought a pair of faintly glowing gloves for 256 gold pieces
 31413 | Orc:4    | Identified the cursed +0 robe of Stuz {rPois} (You bought it in a shop on level 4 of the Orcish Mines)
 31423 | Orc:4    | Identified the +0 pair of gloves of Truro {rCorr Str-3} (You bought it in a shop on level 4 of the Orcish Mines)
 31535 | Orc:4    | Found Cairr's General Store.
 31550 | Orc:4    | Bought a potion of curing for 39 gold pieces
 31561 | Orc:4    | Found Xecuev's Book Boutique.
 31585 | Orc:4    | Found Xangui's Antique Weapon Boutique.
 31595 | Orc:4    | Bought a crystal blowgun for 210 gold pieces
 31596 | Orc:4    | Identified the +7 blowgun of Zeghood {evade, MR+} (You bought it in a shop on level 4 of the Orcish Mines)
 31615 | Orc:4    | Bought a scroll of enchant armour for 97 gold pieces
 31615 | Orc:4    | Bought a scroll of identify for 26 gold pieces
 31635 | Orc:4    | Bought a book of Air for 455 gold pieces
 32392 | Snake:1  | Entered Level 1 of the Snake Pit
 32412 | Snake:1  | Reached skill level 1 in Spellcasting
 32968 | Lair:1   | Learned a level 2 spell: Repel Missiles
 32971 | Lair:1   | Learned a level 2 spell: Swiftness
 32975 | Lair:1   | Learned a level 3 spell: Flight
 33877 | Snake:2  | Noticed Aizul
 33877 | Snake:2  | Noticed Donald
 34328 | Snake:2  | Reached skill level 1 in Charms
 34328 | Snake:2  | Reached skill level 1 in Air Magic
 34702 | Snake:2  | Killed Donald
 34974 | Snake:2  | Killed Aizul
 35825 | Snake:2  | Reached skill level 10 in Transmutations
 37855 | Snake:2  | Gained mutation: You have claws for feet. [demonic ancestry]
 37855 | Snake:2  | Reached XP level 16. HP: 49/127 MP: 11/26
 39971 | Snake:3  | Gained mutation: You have difficulty communicating with the divine. [mutagenic meat]
 39972 | Snake:3  | Gained mutation: Your spells are a little harder to cast, but a little more powerful. [mutagenic meat]
 39973 | Snake:3  | Gained mutation: You can translocate small distances at will. [mutagenic meat]
 39974 | Snake:3  | Gained mutation: You are somewhat resistant to further mutation. [mutagenic meat]
 40426 | Snake:4  | Found Azimoon's Gadget Emporium.
 40484 | Snake:4  | Reached skill level 5 in Spellcasting
 41752 | Snake:5  | Entered Level 5 of the Snake Pit
 43813 | Snake:5  | Reached XP level 17. HP: 48/133 MP: 11/32
 44646 | Snake:5  | Got a serpentine rune of Zot
 45463 | Snake:2  | Reached skill level 15 in Transmutations
 46078 | Swamp:1  | Entered Level 1 of the Swamp
 46079 | Swamp:1  | Upgraded the game from 0.16-a0-2702-gfff482a to 0.16-a0-2710-g8b41a68
 48189 | Swamp:2  | Learned a level 7 spell: Dragon Form
 50514 | Swamp:5  | Entered Level 5 of the Swamp
 51032 | Swamp:5  | Slain by a swamp dragon

Action                   |  1- 3 |  4- 6 |  7- 9 | 10-12 | 13-15 | 16-18 || total
-------------------------+-------+-------+-------+-------+-------+-------++-------
Melee: Dagger            |   112 |   131 |       |       |       |       ||   243
       Unarmed           |     2 |    92 |   577 |  1314 |  2385 |  1622 ||  5992
       Broad axe         |       |       |    30 |    14 |       |       ||    44
 Fire: Blowgun           |       |    26 |    15 |    27 |       |       ||    68
 Cast: Repel Missiles    |       |       |       |       |     3 |     6 ||     9
       Hydra Form        |       |       |       |       |       |     8 ||     8
Invok: Sacrifice Durabil |       |       |     1 |       |       |       ||     1
       Sacrifice Stealth |       |       |     1 |       |       |       ||     1
       Sacrifice Drink   |       |       |       |     1 |       |       ||     1
       Sacrifice Words   |       |       |       |     1 |       |       ||     1
       Draw Out Power    |       |       |       |     1 |     4 |     6 ||    11
       Reject Sacrifices |       |       |       |     1 |     1 |       ||     2
       Sacrifice Health  |       |       |       |     1 |       |       ||     1
       Sacrifice Arcana  |       |       |       |       |     1 |       ||     1
       Sacrifice Purity  |       |       |       |       |     1 |       ||     1
       Apocalypse        |       |       |       |       |     2 |       ||     2
       Power Leap        |       |       |       |       |     1 |       ||     1
Evoke: Wand              |       |       |       |     9 |    16 |    10 ||    35
  Use: Scroll            |     1 |    12 |     4 |    12 |     9 |     3 ||    41
       Potion            |       |     8 |     2 |     5 |     3 |       ||    18
 Stab: Sleeping          |     1 |     5 |     4 |       |       |       ||    10
       Distracted        |       |       |     2 |     7 |    32 |    23 ||    64
       Invisible         |       |       |       |    13 |    32 |    59 ||   104
       Paralysed         |       |       |       |       |    19 |    23 ||    42
       Fleeing           |       |       |       |       |     1 |       ||     1
       Confused          |       |       |       |       |     1 |       ||     1
  Eat: Chunk             |     2 |     7 |    19 |    43 |    63 |    49 ||   183
       Bread ration      |       |     1 |       |       |       |       ||     1
       Beef jerky        |       |       |       |     1 |       |       ||     1
